 Dungeon Crawl Stone Soup version 0.31.0-10-gcf4a605ca0 (webtiles) character file.

Game seed: 10407529909983767254

193 Zeor the Shooter (level 5, -16/39 HPs)
             Began as a Demonspawn Hunter on Jan 25, 2024.
             Demolished by an ogre
             ... wielding a +0 giant club
              (29 damage)
             ... on level 4 of the Dungeon.
             The game lasted 00:05:23 (2487 turns).

Zeor the Shooter (Demonspawn Hunter)                Turns: 2487, Time: 00:05:23

Health: -16/39     AC:  4    Str: 12    XL:     5   Next: 44%
Magic:  5/5        EV: 12    Int:  9    God:
Gold:   129        SH:  5    Dex: 18    Spells: 4/4 levels left

rFire   + . .        a - +0 shortbow
rCold   + . .        (shield currently unavailable)
rNeg    + . .        c - +1 leather armour
rPois   .            (no helmet)
rElec   .            (no cloak)
rCorr   .            (no gloves)
SInv    .            (no boots)
Will    .....        n - amulet of reflection
Stlth   ++           i - ring "Legg" {rF+ rC+}
HPRegen 0.26/turn    e - ring of positive energy
MPRegen 0.09/turn

%: reflection
@: on berserk cooldown, slowed, very slow
A: hooves 2
a: no special abilities


You were on level 4 of the Dungeon.
You visited 1 branch of the dungeon, and saw 4 of its levels.

You collected 129 gold pieces.

Inventory:

Hand Weapons
 a - a +0 shortbow (weapon)
Missiles
 j - 3 atropa-tipped darts
Armour
 c - a +1 leather armour (worn)
Jewellery
 e - a ring of positive energy (right hand)
 i - the ring "Legg" (left hand) {rF+ rC+}
   (You acquired it on level 2 of the Dungeon)

   [ring of protection from cold]

   rF+:       It protects you from fire.
   rC+:       It protects you from cold.
 k - a +6 ring of intelligence
 n - an amulet of reflection (around neck)
Scrolls
 b - a scroll of butterflies
 h - a scroll of enchant armour
Potions
 d - a potion of heal wounds
 g - 2 potions of attraction
 l - a potion of haste {unknown}
 m - 2 potions of enlightenment {unknown}


   Skills:
 * Level 2.5 Fighting
 + Level 5.2 Ranged Weapons
 + Level 1.7 Armour
 * Level 2.6 Dodging
 + Level 1.0 Stealth


You had 4 spell levels left.
You didn't know any spells.
Your spell library contained the following spells:

 Spells                   Type           Power      Damage    Failure   Level
 Magic Dart               Conj           0%         1d3       45%         1
 Searing Ray              Conj           0%         2d4       61%         2
 Call Canine Familiar     Summ           0%         N/A       83%         3
 Sigil of Binding         Hex            0%         N/A       83%         3
 Dimensional Bullseye     Hex/Tloc       0%         N/A       99%         4
 Fulminant Prism          Conj/Alch      0%         3d5       99%         4


Dungeon Overview and Level Annotations

Branches:
Dungeon (4/15)
 Temple: D:4-7

Altars:
Hepliaklqana
Makhleb
Vehumet

Annotations:
D:3 1 runed translucent door, Crazy Yiuf


Innate Abilities, Weirdness & Mutations

You have hoof-like feet.


Message History

The bombardier beetle sprays incendiary fluid at you.
The burning spray hits you.
You are even more covered in liquid fire!
The gnoll hits you but does no damage.
You shake off some of the fire as you move.
The liquid fire burns you!
An endoplasm comes into view.
You shake off some of the fire as you move.
You feel a strong urge to attack something.
The liquid fire burns you!
The endoplasm quivers.
You shake off some of the fire as you move.
The liquid fire burns you!
You are no longer berserk.
You are exhausted.
You feel yourself slow down.
You shake off the liquid fire.
As you read the scroll of teleportation, it crumbles to dust.
You feel strangely unstable.
The gnoll is no longer moving quickly.
The endoplasm freezes you.
You are frozen.
You resist.
The gnoll hits you from afar with a +0 spear.
Press: ? - help, v - describe, . - travel The floor.
a - a +0 shortbow (weapon)
You shoot an arrow. The arrow hits the endoplasm.
The endoplasm is lightly wounded.
Your surroundings suddenly seem different.
An ogre comes into view. It is wielding a +0 giant club.
Found a stone staircase leading down.
The ogre completely misses you. You block the ogre's attack.
The ogre closely misses you. The ogre attacks as it pursues you!
The ogre hits you with a +0 giant club! The ogre attacks as it pursues you!
The ogre closely misses you.
You are too injured to fight recklessly!
You shoot an arrow. The arrow hits the ogre.
The ogre is moderately wounded.
The ogre hits you with a +0 giant club!!
Ouch! That really hurt!
You die...

▒▒▒▒▒▒ ▒∙∙∙∙▒
▒∙∙∙∙▒ ▒∙∙∙∙▒
▒▒▒>∙∙∙▒ ▒∙∙∙∙∙∙▒▒▒
▒∙∙∙∙∙∙∙∙▒▒
▒▒▒▒▒▒▒▒O∙▒▒▒∙▒∙∙
▒▒6∙∙∙∙∙∙∙
▒∙∙∙∙∙∙∙∙∙
∙∙∙▒▒▒∙∙∙∙∙∙∙∙∙∙∙∙∙
▒▒▒▒ ∙∙▒▒∙>∙∙∙∙∙∙∙
∙∙∙∙†▒∙∙∙∙∙∙▒▒∙


∙∙∙∙∙∙∙∙∙∙∙∙∙ ∙B∙∙∙∙∙∙∙∙∙∙ ▒∙∙g∙∙∙∙∙∙▒ ▒∙†∙∙∙∙∙▒ You could see an ogre.

Vanquished Creatures
  A hound (D:4)
  A gnoll bouda (D:4)
  2 gnolls (D:4)
  5 adders
  3 ribbon worms
  A dart slug (D:3)
  2 bats (D:3)
  6 endoplasms
  2 giant cockroaches
  6 goblins
  6 hobgoblins
  5 jackals
  3 quokkas
  3 ball pythons
  2 frilled lizards
  8 kobolds
  4 rats
60 creatures vanquished.

Notes
Turn   | Place    | Note
-------+----------+-------------------------------------------
     0 | D:1      | Zeor the Demonspawn Hunter began the quest for the Orb.
     0 | D:1      | Reached XP level 1. HP: 16/16 MP: 1/1
   359 | D:1      | Gained mutation: You have large cloven feet. [demonic
                  | ancestry]
   359 | D:1      | Reached XP level 2. HP: 21/22 MP: 2/2
   598 | D:2      | Reached skill level 4 in Ranged Weapons
   728 | D:2      | Reached XP level 3. HP: 27/27 MP: 3/3
   881 | D:2      | Reached skill level 1 in Stealth
  1229 | D:2      | Identified a scroll of acquirement
  1229 | D:2      | Acquired the ring "Legg" {rF+ rC+}
  1383 | D:2      | Found a faded altar of an unknown god.
  1633 | D:3      | Gained mutation: You have hoof-like feet. [demonic
                  | ancestry]
  1633 | D:3      | Reached XP level 4. HP: 27/34 MP: 4/4
  1887 | D:3      | Reached skill level 1 in Armour
  1951 | D:3      | Found a hazy altar of Hepliaklqana.
  1971 | D:3      | Found a burning altar of Makhleb.
  2009 | D:3      | Found a radiant altar of Vehumet.
  2284 | D:3      | Found a runed translucent door.
  2285 | D:3      | Noticed Crazy Yiuf
  2445 | D:4      | Reached skill level 5 in Ranged Weapons
  2445 | D:4      | Reached XP level 5. HP: 39/39 MP: 5/5
  2479 | D:4      | Noticed an ogre
  2487 | D:4      | Demolished by an ogre

Illustrated notes

Levels and vault maps discovered:
D:1:      wander_arrival_estate, layout_loops_ring, minmay_crystal_room,
          nrook_campfire
D:2:      layout_loops_ring, shapermc_ecumenical_altar_mp_urbaneastern
D:3:      cheibrodos_helix_gallery, layout_basic, lemuel_tele_altar,
          mainiacjoe_overflow_six_doors_small, bloody_makhleb,
          uniq_crazy_yiuf_cottage
D:4:      layout_rooms, nzn_overflow_gifts_of_might_and_magic,
          kennysheep_little_box, eino_curves_02, nicolae_zen_rock_garden,
          minmay_misc_feat_iff

Skill      XL: |  1  2  3  4 |
---------------+-------------+-----
Dodging        | 2 |  2.6
Ranged Weapons | 4 5 |  5.2
Stealth        | 1 |  1.0
Armour         | 1 |  1.7
Fighting       | |  2.5

Action                     |  1- 3 |  4- 6 || total
---------------------------+-------+-------++-------
  Melee: Unarmed           |       |     8 ||     8
         Kick              |       |     4 ||     4
   Fire: Shortbow          |   100 |    95 ||   195
    Use: Scroll            |     6 |     2 ||     8
         Potion            |       |     2 ||     2
 Armour: Leather armour    |    27 |    49 ||    76
  Dodge: Dodged            |    24 |    43 ||    67
  Block: Other             |       |     6 ||     6
